 Dungeon Crawl Stone Soup version 0.29-a0-732-g3d7fbe0af2 (webtiles) character file.

Game seed: 12865948337229693036

336 blackman the Cleaver (level 6, -2/51 HPs)
             Began as a Hill Orc Monk on June 29, 2022.
             Slain by an ogre
             ... wielding a +0 giant club
              (9 damage)
             ... on level 5 of the Dungeon.
             The game lasted 00:10:19 (3557 turns).

blackman the Cleaver (Hill Orc Monk)                Turns: 3557, Time: 00:10:20

Health: -2/51      AC:  7    Str: 16    XL:     6   Next: 54%
Magic:  6/6        EV: 10    Int: 10    God:
Gold:   109        SH:  0    Dex: 13    Spells: 5/5 levels left

rFire   . . .      SeeInvis .   a - +0 hand axe
rCold   . . .      Faith    .   (no shield)
rNeg    . . .      Spirit   .   l - +0 scale mail
rPois   .          Reflect  .   E - +0 helmet
rElec   .          Harm     .   (no cloak)
rCorr   .          Rampage  .   (no gloves)
Will    .....                   (no boots)
Stlth   ..........              (no amulet)
HPRegen 0.17/turn               (no ring)
MPRegen 0.10/turn               (no ring)

@: no status effects
A: no striking features
a: no special abilities


You were on level 5 of the Dungeon.
You visited 1 branch of the dungeon, and saw 5 of its levels.

You collected 109 gold pieces.

Inventory:

Hand Weapons
 a - a +0 hand axe (weapon)
 v - a +0 bardiche
Missiles
 j - 6 poisoned darts
 A - 8 boomerangs (quivered)
Armour
 b - a +0 robe
 l - a +0 scale mail (worn)
 u - a +0 helmet
 z - a +0 helmet
 E - a +0 helmet (worn)
Jewellery
 h - a ring of positive energy
 w - a ring of magical power
Scrolls
 d - 2 scrolls of teleportation {unknown}
 e - 2 scrolls of identify {unknown}
 n - a scroll of fear {unknown}
 p - a scroll of blinking {unknown}
 s - a scroll of vulnerability {unknown}
 x - a scroll of magic mapping {unknown}
 y - a scroll of amnesia {unknown}
 D - 2 scrolls of poison {unknown}
Potions
 c - a potion of ambrosia
 g - a potion of magic {unknown}
 i - a potion of might
 k - a potion of haste {unknown}
 m - a potion of degeneration {unknown}
 o - a potion of heal wounds
 q - a potion of invisibility
 r - a potion of experience {unknown}
 t - 2 potions of lignification
 B - a potion of curing {unknown}
 C - a potion of flight {unknown}


   Skills:
 - Level 3.6 Fighting
 + Level 9.4 Axes
 - Level 2.4 Dodging
 - Level 1.5 Stealth


You had 5 spell levels left.
You didn't know any spells.
Your spell library was empty.

Dungeon Overview and Level Annotations

Branches:
Dungeon (5/15)
 Temple: D:4-7

Altars:


Message History

Throw: 8 boomerangs
Press: ? - help, Q - select action, (/) - cycle Shift-Dir - straight line, f - ogre
Aim: an ogre, wielding a +0 giant club (73% to hit)
You throw a boomerang.
The boomerang hits the ogre but does no damage.
Unknown command.
Unknown command.
Throw: javelin
Press: ? - help, Shift-Dir - straight line, f/p - ogre
Aim: an ogre, wielding a +0 giant club (73% to hit)
You throw a javelin. The javelin pierces through the ogre!
The ogre is moderately wounded.
Okay, then.
Unknown command.
Throw: 8 boomerangs
Press: ? - help, Q - select action, (/) - cycle Shift-Dir - straight line, f/p - ogre
Aim: an ogre, wielding a +0 giant club (moderately wounded, 73% to hit)
You throw a boomerang. The boomerang hits the ogre.
The ogre is heavily wounded.
The ogre hits you with a +0 giant club!!
You closely miss the ogre.
The ogre is heavily wounded.
You hit the ogre but do no damage.
The ogre is heavily wounded.
The ogre hits you with a +0 giant club.
You hit the ogre.
The ogre is severely wounded.
You hit the ogre but do no damage.
The ogre is severely wounded.
The ogre barely misses you.
You barely miss the ogre.
The ogre is severely wounded.
You hit the ogre.
The ogre is almost dead.
The ogre hits you with a +0 giant club!!
* * * LOW HITPOINT WARNING * * *
You hit the ogre.
The ogre is almost dead.
The ogre hits you with a +0 giant club!
You die...

# . #.
#.#########.
#.....!.....
#$......# #O@#
....(........#
####.#....##.#
# #......
........
.###..##..# .
... ... # ....
.#


You could see an ogre.

Vanquished Creatures
  Sigmund (D:4)
  A scorpion (D:4)
  An orc wizard (D:3)
  4 adders (D:2)
  A worm (D:2)
  4 orcs (D:3)
  3 endoplasms
  2 giant cockroaches
  7 goblins
  7 hobgoblins
  2 quokkas (D:1)
  4 ball pythons
  4 bats
  5 frilled lizards
  3 kobolds
  4 rats
53 creatures vanquished.

Notes
Turn   | Place    | Note
-------+----------+-------------------------------------------
     0 | D:1      | blackman the Hill Orc Monk began the quest for the Orb.
     0 | D:1      | Reached XP level 1. HP: 19/19 MP: 1/1
   251 | D:1      | Found a faded altar of an unknown god.
   289 | D:1      | Reached XP level 2. HP: 22/26 MP: 2/2
   408 | D:1      | Reached skill level 5 in Axes
   907 | D:2      | Reached XP level 3. HP: 21/31 MP: 3/3
  1139 | D:2      | Reached skill level 6 in Axes
  1487 | D:2      | Reached XP level 4. HP: 39/39 MP: 4/4
  1915 | D:3      | Reached skill level 7 in Axes
  2345 | D:3      | Reached XP level 5. HP: 42/45 MP: 5/5
  2766 | D:4      | Reached skill level 8 in Axes
  2865 | D:4      | Noticed Sigmund
  2895 | D:4      | Killed Sigmund
  2896 | D:4      | Reached skill level 9 in Axes
  2896 | D:4      | Reached XP level 6. HP: 23/51 MP: 6/6
  3379 | D:4      | Noticed an orc warrior
  3547 | D:5      | Entered Level 5 of the Dungeon
  3557 | D:5      | Slain by an ogre

Illustrated notes

Levels and vault maps discovered:
D:1:      eino_arrival_water_star, layout_basic, basic_ecumenical_altar
D:2:      layout_basic, minmay_misc_feat_ornament, kennysheep_nondescript,
          minmay_circle_x
D:3:      layout_basic, moated_statue
D:4:      layout_cave_pods, overflow_temple_1_default, temple_statues,
          uniq_sigmund, uniq_pikel
D:5:      layout_basic, elyvilon_altar_5, nicolae_sif_muna_little_library,
          serial_shops, nicolae_square_shop, corner_web_ring,
          grunt_ministairs_14

Skill      XL: |  1  2  3  4  5 |
---------------+----------------+-----
Axes           | 5 6 7 9 |  9.4
Fighting       | |  3.6
Dodging        | |  2.4
Stealth        | |  1.5

Action                   |  1- 3 |  4- 6 || total
-------------------------+-------+-------++-------
Melee: Hand axe          |   111 |    77 ||   188
       Bardiche          |       |     7 ||     7
       Punch             |       |     1 ||     1
Throw: Dart              |       |     7 ||     7
       Boomerang         |       |     8 ||     8
       Javelin           |       |     4 ||     4
  Use: Potion            |       |     4 ||     4
 Stab: Sleeping          |     2 |       ||     2
       Invisible         |       |     2 ||     2
Armor: Robe              |     7 |       ||     7
       Scale mail        |    44 |    32 ||    76
       Skin              |       |     7 ||     7
Dodge: Dodged            |    72 |    33 ||   105

Table legend: (Time is in decaauts)
 A = Elapsed time spent in this place.
 B = Non-inter-level travel time spent in this place.
 C = Inter-level travel time spent in this place.
 D = Time resting spent in this place.
 E = Time spent auto-exploring this place.
 F = Levels seen in this place.
 G = Mean time per level.
                   A        B        C        D        E       F      G
               +--------+--------+--------+--------+--------+-----+--------+
         Total |   3562 |   3397 |    165 |    462 |   2428 |   5 |  712.4 |
       Dungeon |   3562 |   3397 |    165 |    462 |   2428 |   5 |  712.4 |
               +--------+--------+--------+--------+--------+-----+--------+

Top non-repeatable levels by time:
     D:2: 988 daAuts
     D:3: 956 daAuts
     D:1: 853 daAuts
     D:4: 755 daAuts
     D:5: 9 daAuts
